PL
HOLLYWOOD SHREDDERS @ GREENVILLE 84S
10/19/2042
 
TOP OF THE 1ST
Hollywood Shredders batting - Pitching for Greenville 84s : RHP Jesús Silva
Pitching: RHP Jesús Silva
Batting: RHB Lautaro Lacasa 0-0: Foul Ball, location: 2F
0-1: Foul Ball, location: 2F
0-2: Ball
1-2: Strikes out looking
Batting: LHB Kanko Umaba 0-0: Foul Ball, location: 2F
0-1: Fly out, F7 (Flyball, 7LS, EV 78.8 MPH)
Batting: RHB Richard Trevithick 0-0: Ball
1-0: Called Strike
1-1: Foul Ball, location: 2F
1-2: Strikes out swinging
Top of the 1st over - 0 runs, 0 hits, 0 errors, 0 left on base; Hollywood 0 - Greenville 0
BOTTOM OF THE 1ST
Greenville 84s batting - Pitching for Hollywood Shredders : RHP Matthew Fallows
Pitching: RHP Matthew Fallows
Batting: LHB Lung Chaim 0-0: Ball
1-0: Foul Ball, location: 2F
1-1: Ball
2-1: Ball
3-1: Base on Balls
Batting: RHB António Macías 0-0: Ball
1-0: SINGLE (Line Drive, 7S, EV 96.9 MPH)
Lung Chaim to second
Batting: LHB Craig Woods 0-0: Ball
1-0: Swinging Strike
1-1: Ball
2-1: Called Strike
2-2: Ball
3-2: Fly out, F6 (Flyball, 6MD, EV 88.8 MPH)
Batting: LHB Philip Visscher 0-0: Foul Ball, location: 2F
0-1: Ball
1-1: Called Strike
1-2: Foul Ball, location: 2F
1-2: Ball
2-2: Ball
3-2: Base on Balls
Lung Chaim to third
António Macías to second
Batting: RHB Ángelo Delgado 0-0: Ball
1-0: Ball
2-0: Ball
3-0: SINGLE (Groundball, 56D, EV 103.1 MPH)
Lung Chaim scores
António Macías to third
Philip Visscher to second
Throwing error, E7
António Macías scores
Philip Visscher to third
Ángelo Delgado to second
Batting: LHB Vicente Gonzáles 0-0: Ball
1-0: Fly out, F7 (Flyball, 7S, EV 89.4 MPH)
Batting: RHB António Etxebarria 0-0: Ball
1-0: Swinging Strike
1-1: Called Strike
1-2: Strikes out swinging
Bottom of the 1st over - 2 runs, 2 hits, 1 error, 2 left on base; Hollywood 0 - Greenville 2
TOP OF THE 2ND
Hollywood Shredders batting - Pitching for Greenville 84s : RHP Jesús Silva
Batting: RHB Mario Castillo 0-0: Called Strike
0-1: Foul Ball, location: 2F
0-2: Strikes out looking
Batting: RHB Jerry Yates 0-0: Swinging Strike
0-1: Called Strike
0-2: DOUBLE (Line Drive, 8LXD, EV 103.8 MPH)
Batting: LHB Gilberto Ocasio 0-0: Ball
1-0: Called Strike
1-1: Foul Ball, location: 2F
1-2: Ball
2-2: Foul Ball, location: 2F
2-2: Fly out, F4 (Line Drive, 4, EV 68.8 MPH)
Batting: RHB John Yossarian 0-0: Ball
1-0: Foul Ball, location: 2F
1-1: Swinging Strike
1-2: Strikes out looking
Top of the 2nd over - 0 runs, 1 hit, 0 errors, 1 left on base; Hollywood 0 - Greenville 2
BOTTOM OF THE 2ND
Greenville 84s batting - Pitching for Hollywood Shredders : RHP Matthew Fallows
Batting: LHB Quincy Wass 0-0: Called Strike
0-1: Ball
1-1: Called Strike
1-2: Strikes out swinging
Batting: RHB Abel Risinger 0-0: Called Strike
0-1: Foul Ball, location: 2F
0-2: Strikes out looking
Batting: LHB Lung Chaim 0-0: Ball
1-0: Ground out 4-3 (Groundball, 4S, EV 68.8 MPH)
Bottom of the 2nd over - 0 runs, 0 hits, 0 errors, 0 left on base; Hollywood 0 - Greenville 2
TOP OF THE 3RD
Hollywood Shredders batting - Pitching for Greenville 84s : RHP Jesús Silva
Batting: LHB Divine Diablo 0-0: Called Strike
0-1: Foul Ball, location: 2F
0-2: Strikes out swinging
Batting: RHB Sayed Walid 0-0: Foul Ball, location: 2F
0-1: Ball
1-1: Called Strike
1-2: Strikes out looking
Batting: RHB Lautaro Lacasa 0-0: SINGLE (Line Drive, 9S, EV 106.9 MPH)
Batting: LHB Kanko Umaba 0-0: Ball
1-0: Ball
Lautaro Lacasa steals 2nd base (no throw)
2-0: Foul Ball, location: 2F
2-1: Ground out 4-3 (Groundball, 4, EV 78.8 MPH)
Top of the 3rd over - 0 runs, 1 hit, 0 errors, 1 left on base; Hollywood 0 - Greenville 2
BOTTOM OF THE 3RD
Greenville 84s batting - Pitching for Hollywood Shredders : RHP Matthew Fallows
Batting: RHB António Macías 0-0: Called Strike
0-1: Fly out, F8 (Flyball, 8RS, EV 83.1 MPH)
Batting: LHB Craig Woods 0-0: Called Strike
0-1: Foul Ball, location: 2F
0-2: Ball
1-2: SOLO HOME RUN (Flyball, 9D, EV 103.8 MPH), Distance : 364 ft
Batting: LHB Philip Visscher 0-0: Ball
1-0: Fly out, F9 (Line Drive, 9, EV 96.2 MPH)
Batting: RHB Ángelo Delgado 0-0: Ball
1-0: Ball
2-0: Ball
3-0: Base on Balls
Batting: LHB Vicente Gonzáles 0-0: Called Strike
0-1: Fly out, F7 (Flyball, 78S, EV 88.1 MPH)
Bottom of the 3rd over - 1 run, 1 hit, 0 errors, 1 left on base; Hollywood 0 - Greenville 3
TOP OF THE 4TH
Hollywood Shredders batting - Pitching for Greenville 84s : RHP Jesús Silva
Batting: RHB Richard Trevithick 0-0: Ball
1-0: Ball
2-0: Ground out 6-3 (Groundball, 4M, EV 100.6 MPH)
Batting: RHB Mario Castillo 0-0: Called Strike
0-1: Swinging Strike
0-2: Strikes out swinging
Batting: RHB Jerry Yates 0-0: Ball
1-0: Called Strike
1-1: Called Strike
1-2: Foul Ball, location: 2F
1-2: Strikes out looking
Top of the 4th over - 0 runs, 0 hits, 0 errors, 0 left on base; Hollywood 0 - Greenville 3
BOTTOM OF THE 4TH
Greenville 84s batting - Pitching for Hollywood Shredders : RHP Matthew Fallows
Batting: RHB António Etxebarria 0-0: Foul Ball, location: 2F
0-1: Ball
1-1: Ground out 6-3 (Groundball, 56, EV 106.2 MPH)
Batting: LHB Quincy Wass 0-0: Ball
1-0: Foul Ball, location: 2F
1-1: Fly out, F4 (Line Drive, 4, EV 74.4 MPH)
Batting: RHB Abel Risinger 0-0: Called Strike
0-1: SINGLE (Groundball, 4MD, EV 103.8 MPH)
Batting: LHB Lung Chaim 0-0: Called Strike
0-1: Swinging Strike
0-2: Ball
1-2: Ground out U3 (Groundball, 3, EV 103.8 MPH)
Bottom of the 4th over - 0 runs, 1 hit, 0 errors, 1 left on base; Hollywood 0 - Greenville 3
TOP OF THE 5TH
Hollywood Shredders batting - Pitching for Greenville 84s : RHP Jesús Silva
Batting: LHB Gilberto Ocasio 0-0: Called Strike
0-1: Ball
1-1: Called Strike
1-2: Fly out, F5 (Popup, 56S, EV 76.9 MPH)
Batting: RHB John Yossarian 0-0: Ball
1-0: Ball
2-0: Called Strike
2-1: Swinging Strike
2-2: Strikes out looking
Batting: LHB Divine Diablo 0-0: Ball
1-0: Foul Ball, location: 2F
1-1: Ball
2-1: Fly out, F9 (Line Drive, 9, EV 105.6 MPH)
Top of the 5th over - 0 runs, 0 hits, 0 errors, 0 left on base; Hollywood 0 - Greenville 3
BOTTOM OF THE 5TH
Greenville 84s batting - Pitching for Hollywood Shredders : RHP Matthew Fallows
Batting: RHB António Macías 0-0: Ball
1-0: Foul Ball, location: 2F
1-1: Ball
2-1: Fly out, F9 (Flyball, 89S, EV 79.4 MPH)
Batting: LHB Craig Woods 0-0: Ball
1-0: Fly out, F9 (Flyball, 9LS, EV 96.2 MPH)
Batting: LHB Philip Visscher 0-0: Foul Ball, location: 2F
0-1: Ball
1-1: Foul Ball, location: 2F
1-2: Fly out, F9 (Flyball, 9LS, EV 88.8 MPH)
Bottom of the 5th over - 0 runs, 0 hits, 0 errors, 0 left on base; Hollywood 0 - Greenville 3
TOP OF THE 6TH
Hollywood Shredders batting - Pitching for Greenville 84s : RHP Jesús Silva
Batting: RHB Sayed Walid 0-0: Swinging Strike
0-1: Swinging Strike
0-2: Ball
1-2: SINGLE (Groundball, 34S, EV 71.2 MPH) (infield hit)
Batting: RHB Lautaro Lacasa 0-0: Ball
1-0: SINGLE (Groundball, 5D, EV 101.9 MPH)
Sayed Walid to second
Runner from 2nd tries for 3rd, SAFE, throw by LF made to third
Batting: LHB Kanko Umaba 0-0: Called Strike
0-1: Ball
1-1: Foul Ball, location: 2F
1-2: Ball
2-2: Ball
3-2: Strikes out swinging
Batting: RHB Richard Trevithick 0-0: Ball
1-0: Called Strike
1-1: Ball
2-1: Fly out, F8 (Flyball, 8LXD, EV 85.0 MPH)
Runner from 3rd tags up, SCORES, no throw by CF
Batting: RHB Mario Castillo 0-0: Ball
1-0: Ball
2-0: Ball
3-0: Called Strike
3-1: Base on Balls
Lautaro Lacasa to second
Batting: RHB Jerry Yates 0-0: Foul Ball, location: 2F
0-1: Ball
1-1: Foul Ball, location: 2F
1-2: Reached on error, E5 (Groundball, 56S, EV 57.5 MPH)
Lautaro Lacasa to third
Mario Castillo to second
Batting: LHB Gilberto Ocasio 0-0: Ball
1-0: Foul Ball, location: 2F
1-1: Swinging Strike
1-2: Ball
2-2: Ball
3-2: Base on Balls
Lautaro Lacasa scores
Mario Castillo to third
Jerry Yates to second
Pitching: LHP Ratko Peric
Batting: RHB John Yossarian 0-0: Ball
1-0: Called Strike
1-1: Ball
2-1: Foul Ball, location: 2F
2-2: Foul Ball, location: 2F
2-2: Ball
Wild Pitch!
Mario Castillo scores
Jerry Yates to third
Gilberto Ocasio to second
3-2: Base on Balls
Batting: LHB Divine Diablo 0-0: Ball
1-0: Swinging Strike
1-1: Foul Ball, location: 2F
1-2: Foul Ball, location: 2F
1-2: Ball
2-2: Strikes out swinging
Top of the 6th over - 3 runs, 2 hits, 1 error, 3 left on base; Hollywood 3 - Greenville 3
BOTTOM OF THE 6TH
Greenville 84s batting - Pitching for Hollywood Shredders : RHP Matthew Fallows
Batting: RHB Ángelo Delgado 0-0: Ball
1-0: Ball
2-0: Called Strike
2-1: Foul Ball, location: 2F
2-2: Ground out 2-3 (Groundball, 13S, EV 63.1 MPH)
Batting: LHB Vicente Gonzáles 0-0: Ball
1-0: Ball
2-0: Ball
3-0: Called Strike
3-1: DOUBLE (Line Drive, 7LM, EV 106.9 MPH)
Batting: RHB António Etxebarria 0-0: Called Strike
0-1: Called Strike
0-2: Strikes out swinging
Batting: LHB Quincy Wass 0-0: Ball
1-0: Called Strike
1-1: Foul Ball, location: 2F
1-2: Fly out, F8 (Flyball, 8LXD, EV 103.8 MPH)
Bottom of the 6th over - 0 runs, 1 hit, 0 errors, 1 left on base; Hollywood 3 - Greenville 3
TOP OF THE 7TH
Hollywood Shredders batting - Pitching for Greenville 84s : LHP Ratko Peric
Pitching: RHP Dave Lawson
Batting: RHB Sayed Walid 0-0: DOUBLE (Flyball, 8RXD, EV 86.9 MPH)
Batting: RHB Lautaro Lacasa 0-0: Called Strike
0-1: Foul Ball, location: 2F
0-2: Ball
1-2: Foul Ball, location: 2F
1-2: Ball
2-2: Ball
3-2: Ground out 1-3 (Groundball, P, EV 85.0 MPH)
Sayed Walid to third
Batting: LHB Kanko Umaba 0-0: Intentional Walk
Batting: RHB Richard Trevithick 0-0: Called Strike
0-1: Ball
1-1: Ball
2-1: Grounds into double play, 6-4-3 (Groundball, 6, EV 85.6 MPH)
Top of the 7th over - 0 runs, 1 hit, 0 errors, 1 left on base; Hollywood 3 - Greenville 3
BOTTOM OF THE 7TH
Greenville 84s batting - Pitching for Hollywood Shredders : RHP Matthew Fallows
Batting: RHB Abel Risinger 0-0: SINGLE (Line Drive, 7LS, EV 109.4 MPH)
Batting: LHB Lung Chaim 0-0: Foul Ball, location: 2F
0-1: Ground out 5-3 (Groundball, 56S, EV 63.1 MPH)
Abel Risinger to second
Batting: RHB António Macías 0-0: Called Strike
0-1: Ball
1-1: 2-RUN HOME RUN (Flyball, 9D, EV 106.9 MPH), Distance : 375 ft
Pitching: LHP Cullen Taylor
Batting: LHB Craig Woods 0-0: Called Strike
0-1: Foul Ball, location: 2F
0-2: Strikes out swinging
Batting: LHB Philip Visscher 0-0: Called Strike
0-1: Foul Ball, location: 2F
0-2: SINGLE (Line Drive, 8RS, EV 106.9 MPH)
Pitching: RHP José Villarreal
Batting: RHB Ángelo Delgado 0-0: Ball
1-0: Called Strike
1-1: Called Strike
1-2: Ball
2-2: Ground out 4-3 (Groundball, 4, EV 83.1 MPH)
Bottom of the 7th over - 2 runs, 3 hits, 0 errors, 1 left on base; Hollywood 3 - Greenville 5
TOP OF THE 8TH
Hollywood Shredders batting - Pitching for Greenville 84s : RHP Dave Lawson
Batting: RHB Mario Castillo 0-0: Ball
1-0: Ground out 5-3 (Groundball, 56, EV 78.8 MPH)
Batting: RHB Jerry Yates 0-0: Ball
1-0: Ball
2-0: Fly out, F7 (Flyball, 7S, EV 90.0 MPH)
Batting: LHB Gilberto Ocasio 0-0: Called Strike
0-1: Ball
1-1: Foul Ball, location: 2F
1-2: Ball
2-2: SINGLE (Line Drive, 8RS, EV 104.4 MPH)
Batting: RHB John Yossarian 0-0: Called Strike
0-1: Ball
1-1: Ball
2-1: Foul Ball, location: 2F
2-2: Strikes out swinging
Top of the 8th over - 0 runs, 1 hit, 0 errors, 1 left on base; Hollywood 3 - Greenville 5
BOTTOM OF THE 8TH
Greenville 84s batting - Pitching for Hollywood Shredders : RHP José Villarreal
Batting: LHB Vicente Gonzáles 0-0: Ball
1-0: Called Strike
1-1: Foul Ball, location: 2F
1-2: Fly out, F8 (Flyball, 8LXD, EV 88.1 MPH)
Batting: RHB António Etxebarria 0-0: Foul Ball, location: 2F
0-1: Swinging Strike
0-2: Foul Ball, location: 2F
0-2: Ball
1-2: Ball
2-2: Strikes out swinging
Batting: LHB Quincy Wass 0-0: Ball
1-0: Ground out 6-3 (Groundball, 6, EV 81.2 MPH)
Bottom of the 8th over - 0 runs, 0 hits, 0 errors, 0 left on base; Hollywood 3 - Greenville 5
TOP OF THE 9TH
Hollywood Shredders batting - Pitching for Greenville 84s : RHP Dave Lawson
Batting: LHB Divine Diablo 0-0: Called Strike
0-1: Called Strike
0-2: Ball
1-2: Strikes out swinging
Batting: RHB Sayed Walid 0-0: Ball
1-0: Swinging Strike
1-1: Called Strike
1-2: Ground out 6-3 (Groundball, 6, EV 97.5 MPH)
Batting: RHB Lautaro Lacasa 0-0: Foul Ball, location: 2F
0-1: Fly out, F7 (Flyball, 7, EV 89.4 MPH)
Top of the 9th over - 0 runs, 0 hits, 0 errors, 0 left on base; Hollywood 3 - Greenville 5
Friday, March 26th, 2021 - OOTP Baseball 20.8 Build 74